TOP OF THE 1ST |
Austin River Sharks batting - Pitching for St Charles Sheens : RHP Toshikasu Kiyomizu
|
Pitching: RHP Toshikasu Kiyomizu
|
|
Batting: RHB Kenneth Roberts
|
0-0: Ball 1-0: Called Strike 1-1: Called Strike 1-2: Ball 2-2: Foul Ball, location: 2F 2-2: Foul Ball, location: 2F 2-2: Strikes out looking
|
Batting: LHB Luis Padilla
|
0-0: Ball 1-0: Ball 2-0: Called Strike 2-1: Ball 3-1: Base on Balls
|
Batting: LHB Roberto García
|
0-0: Ball 1-0: Foul Ball, location: 2F 1-1: Ball 2-1: Swinging Strike 2-2: Foul Ball, location: 2F 2-2: Ball 3-2: Fly out, F4 (Line Drive, 4)
|
Batting: LHB Pedro Zaragoza
|
0-0: Ball 1-0: Fielders Choice at 2nd, U6 (Groundball, 6M)
|
Top of the 1st over - 0 run(s), 0 hit(s), 0 error(s), 1 left on base; Austin 0 - St Charles 0 |
BOTTOM OF THE 1ST |
St Charles Sheens batting - Pitching for Austin River Sharks : RHP Troy Lynn
|
Pitching: RHP Troy Lynn
|
|
Batting: LHB Bob Ware
|
0-0: Called Strike 0-1: Foul Ball, location: 2F 0-2: Strikes out swinging
|
Batting: RHB Kel Pierce
|
0-0: Ball 1-0: Ball 2-0: Foul Ball, location: 2F 2-1: Ball 3-1: DOUBLE (Groundball, 3D)
|
Batting: LHB Jeff Carter
|
0-0: Foul Ball, location: 2F 0-1: Called Strike Kel Pierce steals 3rd base 0-2: Ball 1-2: Ground out 5-3 (Groundball, 56S) Kel Pierce scores
|
Batting: RHB Alfredo Rivera
|
0-0: Ball 1-0: Ball 2-0: Called Strike 2-1: Ground out 3-1 (Groundball, 34S)
|
Bottom of the 1st over - 1 run(s), 1 hit(s), 0 error(s), 0 left on base; Austin 0 - St Charles 1 |
TOP OF THE 2ND |
Austin River Sharks batting - Pitching for St Charles Sheens : RHP Toshikasu Kiyomizu
|
Batting: SHB Juan Castro
|
0-0: Ball 1-0: Ball 2-0: Foul Ball, location: 2F 2-1: Swinging Strike 2-2: Ball 3-2: Base on Balls
|
Batting: RHB Rich Ruffin
|
0-0: Ball 1-0: Called Strike 1-1: Ball 2-1: Called Strike 2-2: Foul Ball, location: 2F 2-2: Strikes out swinging
|
Batting: RHB José Balina
|
0-0: Called Strike 0-1: Called Strike 0-2: Strikes out swinging
|
Batting: LHB Terry Maloney
|
0-0: Swinging Strike 0-1: Foul Ball, location: 2F 0-2: Foul Ball, location: 2F 0-2: Ball 1-2: Foul Ball, location: 2F 1-2: Foul Ball, location: 2F 1-2: SINGLE (Line Drive, 9LS) Juan Castro to second Runner from 2nd tries for 3rd, SAFE, throw made to third
|
Batting: RHB Edouard Padovano
|
0-0: Called Strike 0-1: SINGLE (Line Drive, 6MD) Juan Castro scores Terry Maloney to second
|
Batting: RHB Kenneth Roberts
|
0-0: Ball 1-0: Ball 2-0: Ball 3-0: Called Strike 3-1: Base on Balls Terry Maloney to third Edouard Padovano to second
|
Batting: LHB Luis Padilla
|
0-0: Foul Ball, location: 2F 0-1: Ball 1-1: SINGLE (Groundball, 4MD) Terry Maloney scores Edouard Padovano to third Kenneth Roberts to second
|
Batting: LHB Roberto García
|
0-0: Ball 1-0: Foul Ball, location: 2F 1-1: Ball 2-1: Ball 3-1: Base on Balls Edouard Padovano scores Kenneth Roberts to third Luis Padilla to second
|
Batting: LHB Pedro Zaragoza
|
0-0: Ball 1-0: Foul Ball, location: 2F 1-1: Ball 2-1: Foul Ball, location: 2F 2-2: SINGLE (Groundball, 56) Kenneth Roberts scores Luis Padilla to third Roberto García to second Runner from 3rd tries for Home, SAFE, throw made home
|
Batting: SHB Juan Castro
|
0-0: Ball 1-0: Ground out 5-3 (Groundball, 5)
|
Top of the 2nd over - 5 run(s), 4 hit(s), 0 error(s), 2 left on base; Austin 5 - St Charles 1 |
BOTTOM OF THE 2ND |
St Charles Sheens batting - Pitching for Austin River Sharks : RHP Troy Lynn
|
Batting: RHB Guo-xiu Choi
|
0-0: Called Strike 0-1: Ball 1-1: Fly out, F4 (Popup, 4M)
|
Batting: SHB Richard Bowman
|
0-0: Ball 1-0: Called Strike 1-1: Ball 2-1: Swinging Strike 2-2: Foul Ball, location: 2F 2-2: SINGLE (Groundball, 6MD)
|
Batting: LHB Gene Cooper
|
0-0: Foul Ball, location: 2F 0-1: Foul Ball, location: 2F 0-2: Ball 1-2: Ball 2-2: Foul Ball, location: 2F 2-2: Foul Ball, location: 2F 2-2: Ground out U3 (Groundball, 3S) Richard Bowman to second
|
Batting: LHB Marcos Cantú
|
0-0: Swinging Strike 0-1: Ball 1-1: Ball 2-1: Foul Ball, location: 2F 2-2: Strikes out swinging
|
Bottom of the 2nd over - 0 run(s), 1 hit(s), 0 error(s), 1 left on base; Austin 5 - St Charles 1 |
TOP OF THE 3RD |
Austin River Sharks batting - Pitching for St Charles Sheens : RHP Toshikasu Kiyomizu
|
Batting: RHB Rich Ruffin
|
0-0: Foul Ball, location: 2F 0-1: Ball 1-1: Ball 2-1: Ball 3-1: SINGLE (Line Drive, 4MD)
|
Batting: RHB José Balina
|
0-0: Foul Ball, location: 2F 0-1: Fly out, F3 (Popup, 34)
|
Batting: LHB Terry Maloney
|
0-0: Grounds into double play, 6-4-3 (Groundball, 6)
|
Top of the 3rd over - 0 run(s), 1 hit(s), 0 error(s), 0 left on base; Austin 5 - St Charles 1 |
BOTTOM OF THE 3RD |
St Charles Sheens batting - Pitching for Austin River Sharks : RHP Troy Lynn
|
Batting: LHB Katsumi Morishita
|
0-0: Ball 1-0: Fly out, F6 (Line Drive, 6)
|
Batting: LHB Bob Ware
|
0-0: Swinging Strike 0-1: Swinging Strike 0-2: Strikes out swinging
|
Batting: RHB Kel Pierce
|
0-0: Called Strike 0-1: Swinging Strike 0-2: Ball 1-2: Ball 2-2: Foul Ball, location: 2F 2-2: SINGLE (Groundball, 6MD)
|
Batting: LHB Jeff Carter
|
0-0: Ball 1-0: Ball 2-0: Ball 3-0: Called Strike 3-1: Ground out U3 (Groundball, 3L)
|
Bottom of the 3rd over - 0 run(s), 1 hit(s), 0 error(s), 1 left on base; Austin 5 - St Charles 1 |
TOP OF THE 4TH |
Austin River Sharks batting - Pitching for St Charles Sheens : RHP Toshikasu Kiyomizu
|
Batting: RHB Edouard Padovano
|
0-0: Called Strike 0-1: Ground out 6-3 (Groundball, 6)
|
Batting: RHB Kenneth Roberts
|
0-0: Called Strike 0-1: Called Strike 0-2: Foul Ball, location: 2F 0-2: Ball 1-2: DOUBLE (Flyball, 7D)
|
Batting: LHB Luis Padilla
|
0-0: Swinging Strike 0-1: Ground out 3-1 (Groundball, 34S) Kenneth Roberts to third
|
Batting: LHB Roberto García
|
0-0: Fly out, F8 (Flyball, 8LXD)
|
Top of the 4th over - 0 run(s), 1 hit(s), 0 error(s), 1 left on base; Austin 5 - St Charles 1 |
BOTTOM OF THE 4TH |
St Charles Sheens batting - Pitching for Austin River Sharks : RHP Troy Lynn
|
Batting: RHB Alfredo Rivera
|
0-0: Ball 1-0: Fly out, F8 (Flyball, 8RD)
|
Batting: RHB Guo-xiu Choi
|
0-0: Called Strike 0-1: Ball 1-1: Ball 2-1: Called Strike 2-2: Strikes out swinging
|
Batting: SHB Richard Bowman
|
0-0: Called Strike 0-1: Called Strike 0-2: Ball 1-2: Ball 2-2: Foul Ball, location: 2F 2-2: Ground out U3 (Groundball, 3)
|
Bottom of the 4th over - 0 run(s), 0 hit(s), 0 error(s), 0 left on base; Austin 5 - St Charles 1 |
TOP OF THE 5TH |
Austin River Sharks batting - Pitching for St Charles Sheens : RHP Toshikasu Kiyomizu
|
Batting: LHB Pedro Zaragoza
|
0-0: Called Strike 0-1: Swinging Strike 0-2: Ball 1-2: SINGLE (Groundball, 34D)
|
Batting: SHB Juan Castro
|
0-0: Ball 1-0: Called Strike 1-1: Ball 2-1: Grounds into double play, U3-6 (Groundball, 3L)
|
Batting: RHB Rich Ruffin
|
0-0: Ball 1-0: Foul Ball, location: 2F 1-1: Called Strike 1-2: Foul Ball, location: 2F 1-2: Ball 2-2: Foul Ball, location: 2F 2-2: Foul Ball, location: 2F 2-2: Ball 3-2: Ground out 1-3 (Groundball, 13)
|
Top of the 5th over - 0 run(s), 1 hit(s), 0 error(s), 0 left on base; Austin 5 - St Charles 1 |
BOTTOM OF THE 5TH |
St Charles Sheens batting - Pitching for Austin River Sharks : RHP Troy Lynn
|
Batting: LHB Gene Cooper
|
0-0: Called Strike 0-1: Foul Ball, location: 2F 0-2: SINGLE (Groundball, 34S)
|
Batting: LHB Marcos Cantú
|
0-0: Ball 1-0: Fielders Choice at 2nd, 4-6 (Groundball, 34)
|
Batting: LHB Katsumi Morishita
|
0-0: Called Strike Marcos Cantú is caught stealing 2nd base 0-1: Foul Ball, location: 2F 0-2: Ball 1-2: Ball 2-2: Ball 3-2: SINGLE (Groundball, 13) (infield hit)
|
Batting: LHB Bob Ware
|
0-0: Ground out 6-3 (Groundball, 6)
|
Bottom of the 5th over - 0 run(s), 2 hit(s), 0 error(s), 1 left on base; Austin 5 - St Charles 1 |
TOP OF THE 6TH |
Austin River Sharks batting - Pitching for St Charles Sheens : RHP Toshikasu Kiyomizu
|
Batting: RHB José Balina
|
0-0: Called Strike 0-1: SINGLE (Groundball, 56D)
|
Pitching: LHP Francisco Moreno
|
|
Batting: LHB Terry Maloney
|
0-0: Swinging Strike 0-1: Ball 1-1: Fly out, F9 (Flyball, 89S)
|
Batting: RHB Edouard Padovano
|
0-0: Swinging Strike 0-1: Ball 1-1: Ball 2-1: Foul Ball, location: 2F 2-2: Strikes out looking
|
Batting: RHB Kenneth Roberts
|
0-0: Ball 1-0: Called Strike 1-1: Foul Ball, location: 2F 1-2: Fly out, F8 (Line Drive, 8LM)
|
Top of the 6th over - 0 run(s), 1 hit(s), 0 error(s), 1 left on base; Austin 5 - St Charles 1 |
BOTTOM OF THE 6TH |
St Charles Sheens batting - Pitching for Austin River Sharks : RHP Troy Lynn
|
Batting: RHB Kel Pierce
|
0-0: Bunt for hit - play at first, batter safe!
|
Batting: LHB Jeff Carter
|
0-0: Called Strike 0-1: Called Strike 0-2: Ball 1-2: Fielders Choice at 2nd, 6-4 (Groundball, 6M)
|
Batting: RHB Alfredo Rivera
|
0-0: Ball 1-0: Called Strike 1-1: Called Strike 1-2: Ball 2-2: Ball 3-2: SINGLE (Groundball, 56D) Jeff Carter to second
|
Batting: RHB Guo-xiu Choi
|
0-0: Ball 1-0: DOUBLE (Groundball, 5L) Jeff Carter scores Alfredo Rivera to third Runner from 3rd tries for Home, SAFE, no throw or cutoff
|
Batting: SHB Richard Bowman
|
0-0: Ball Guo-xiu Choi is caught stealing 3rd base 1-0: Swinging Strike 1-1: Ball 2-1: Foul Ball, location: 2F 2-2: Fly out, F9 (Flyball, 89D)
|
Bottom of the 6th over - 2 run(s), 3 hit(s), 0 error(s), 0 left on base; Austin 5 - St Charles 3 |
TOP OF THE 7TH |
Austin River Sharks batting - Pitching for St Charles Sheens : LHP Francisco Moreno
|
Batting: LHB Luis Padilla
|
0-0: Swinging Strike 0-1: Ball 1-1: Foul Ball, location: 2F 1-2: Strikes out swinging
|
Batting: LHB Roberto García
|
0-0: Called Strike 0-1: Ground out 4-3 (Groundball, 4)
|
Batting: LHB Pedro Zaragoza
|
0-0: Fly out, F1 (Popup, 13S)
|
Top of the 7th over - 0 run(s), 0 hit(s), 0 error(s), 0 left on base; Austin 5 - St Charles 3 |
BOTTOM OF THE 7TH |
St Charles Sheens batting - Pitching for Austin River Sharks : RHP Troy Lynn
|
Pitching: RHP Armen Boyajian
|
|
Batting: LHB Gene Cooper
|
0-0: Swinging Strike 0-1: Ball 1-1: Called Strike 1-2: Foul Ball, location: 2F 1-2: Foul Ball, location: 2F 1-2: Strikes out swinging
|
Batting: LHB Marcos Cantú
|
0-0: Ball 1-0: Swinging Strike 1-1: Ground out 6-3 (Groundball, 6M)
|
Batting: LHB Katsumi Morishita
|
0-0: Fly out, F7 (Flyball, 7D)
|
Bottom of the 7th over - 0 run(s), 0 hit(s), 0 error(s), 0 left on base; Austin 5 - St Charles 3 |
TOP OF THE 8TH |
Austin River Sharks batting - Pitching for St Charles Sheens : LHP Francisco Moreno
|
Pitching: RHP Paco Canpos
|
|
Batting: SHB Juan Castro
|
0-0: Ground out 4-3 (Groundball, 4)
|
Batting: RHB Rich Ruffin
|
0-0: Swinging Strike 0-1: Called Strike 0-2: Ball 1-2: Foul Ball, location: 2F 1-2: Foul Ball, location: 2F 1-2: Ball 2-2: Fly out, F7 (Flyball, 78S)
|
Batting: RHB José Balina
|
0-0: Called Strike 0-1: Ball 1-1: Ground out 6-3 (Groundball, 6)
|
Top of the 8th over - 0 run(s), 0 hit(s), 0 error(s), 0 left on base; Austin 5 - St Charles 3 |
BOTTOM OF THE 8TH |
St Charles Sheens batting - Pitching for Austin River Sharks : RHP Armen Boyajian
|
Batting: LHB Bob Ware
|
0-0: Ball 1-0: Ball 2-0: Foul Ball, location: 2F 2-1: Ground out 4-3 (Groundball, 34)
|
Batting: RHB Kel Pierce
|
0-0: Foul Ball, location: 2F 0-1: Foul Ball, location: 2F 0-2: Ball 1-2: Strikes out swinging
|
Batting: LHB Jeff Carter
|
0-0: Ball 1-0: Swinging Strike 1-1: Ball 2-1: Ball 3-1: Called Strike 3-2: Base on Balls
|
Pitching: RHP Daniel Morris
|
|
Batting: RHB Alfredo Rivera
|
0-0: Ball 1-0: SINGLE (Flyball, 8RS) Jeff Carter to second Runner from 2nd tries for 3rd, SAFE, throw made to third Alfredo Rivera to second
|
Pinch Hitting: RHB Judson Backstrom
|
0-0: Ball 1-0: Called Strike 1-1: Ball 2-1: Swinging Strike 2-2: Fly out, F4 (Popup, 4MD)
|
Bottom of the 8th over - 0 run(s), 1 hit(s), 0 error(s), 2 left on base; Austin 5 - St Charles 3 |
TOP OF THE 9TH |
Austin River Sharks batting - Pitching for St Charles Sheens : RHP Paco Canpos
|
Now in LF: Judson Backstrom
|
|
Batting: LHB Terry Maloney
|
0-0: Called Strike 0-1: Ball 1-1: Called Strike 1-2: Foul Ball, location: 2F 1-2: Ball 2-2: Ball 3-2: Base on Balls
|
Batting: RHB Edouard Padovano
|
0-0: Ball 1-0: Foul Ball, location: 2F 1-1: Swinging Strike 1-2: Strikes out swinging
|
Batting: RHB Kenneth Roberts
|
0-0: Ball 1-0: Called Strike Terry Maloney is caught stealing 2nd base 1-1: Fly out, F6 (Line Drive, 6)
|
Top of the 9th over - 0 run(s), 0 hit(s), 0 error(s), 0 left on base; Austin 5 - St Charles 3 |
BOTTOM OF THE 9TH |
St Charles Sheens batting - Pitching for Austin River Sharks : RHP Daniel Morris
|
Pitching: LHP Miguel Martínez
|
|
Batting: SHB Richard Bowman
|
0-0: Ball 1-0: Ball 2-0: Called Strike 2-1: Foul Ball, location: 2F 2-2: Ball 3-2: Ground out 5-3 (Groundball, 56)
|
Batting: LHB Gene Cooper
|
0-0: Ball 1-0: Ball 2-0: Called Strike 2-1: Swinging Strike 2-2: Ball 3-2: Strikes out looking
|
Batting: LHB Marcos Cantú
|
0-0: Swinging Strike 0-1: Ball 1-1: Called Strike 1-2: Strikes out swinging
|
Bottom of the 9th over - 0 run(s), 0 hit(s), 0 error(s), 0 left on base; Austin 5 - St Charles 3 |
|